 Dungeon Crawl Stone Soup version 0.28-a0-691-gad6df49e81 (webtiles) character file.

Game seed: 8042758054470679055

8 cheechan the Skirmisher (level 2, -4/28 HPs)
             Began as a Naga Chaos Knight on Oct 22, 2021.
             Was a Plaything of Xom.
             Slain by a killer bee (5 damage)
             ... on level 1 of the Dungeon.
             The game lasted 00:01:28 (420 turns).

cheechan the Skirmisher (Naga Chaos Knight)          Turns: 420, Time: 00:01:29

Health: -4/28      AC:  4    Str: 14    XL:     2   Next: 8%
Magic:  2/2        EV:  9    Int: 12    God:    Xom [..*...]
Gold:   8          SH:  0    Dex: 10    Spells: 1/1 levels left

rFire   . . .      SeeInvis +   a - +0 hand axe (chaos)
rCold   . . .      Faith    .   (no shield)
rNeg    . . .      Spirit   .   b - +2 leather armour
rPois   +          Reflect  .   (no helmet)
rElec   .          Harm     .   (no cloak)
rCorr   .          Rampage  .   (no gloves)
Will    .....                   (no barding)
Stlth   +.........              (no amulet)
HPRegen 0.09/turn               (no ring)
MPRegen 0.08/turn               (no ring)

@: lethally poisoned (-4 -> -6), very slow
A: AC +0, large, see invisible, deformed body, poison resistance, slowness 2,
spit poison 1, naga tail 1
a: Spit Poison, Renounce Religion


You were on level 1 of the Dungeon.
You worshipped Xom.
You were a toy of Xom.
You visited 1 branch of the dungeon, and saw 1 of its levels.

You collected 8 gold pieces.

Inventory:

Hand Weapons
 a - a +0 hand axe of chaos (weapon)
Missiles
 e - 54 stones
Armour
 b - a +2 leather armour (worn)
Scrolls
 c - a scroll of blinking {unknown}
 f - a scroll of fog {unknown}
Potions
 d - a potion of curing {unknown}


   Skills:
 + Level 3.2 Fighting
 + Level 3.2 Axes
 + Level 1.7 Armour
 + Level 0.7 Dodging


You had one spell level left.
You didn't know any spells.
Your spell library was empty.

Dungeon Overview and Level Annotations

Branches:
Dungeon (1/15)

Altars:


Innate Abilities, Weirdness & Mutations

Your serpentine skin is tough. (AC +0)
You have supernaturally acute eyesight. (SInv)
Armour fits poorly on your strangely shaped body.
Your system is resistant to poisons. (rPois)
You cover ground very slowly.
You can spit poison.
You have a snake-like lower body.


Message History

There is an open door here.
You open the door.
A bat comes into view. 2 ball pythons come into view.
The ball python hisses angrily. x2
The bat closely misses you. The bat completely misses you.
There is an open door here.
You miss the bat. The bat barely misses you.
The bat hits you but does no damage.
The ball python bites you but does no damage.
The bat barely misses you. The ball python misses you.
You slash the ball python!
You kill the ball python!
You hit the bat.
The bat evaporates and reforms as a killer bee!
Xom is mildly amused.
You hit the ball python.
The ball python suddenly seems more agile.
The killer bee barely misses you. The killer bee stings you.
The ball python barely misses you.
You barely miss the ball python.
The ball python is moderately wounded.
You barely miss the killer bee. The killer bee stings you.
You are poisoned.
The killer bee poisons you! The killer bee stings you.
The ball python bites you but does no damage.
You feel sick. The killer bee stings you.
* * * LOW HITPOINT WARNING * * *
The killer bee stings you but does no damage.
The ball python bites you.
* * * LOW HITPOINT WARNING * * *
There is an open door here.
* * * LOW HITPOINT WARNING * * *
You feel sick. The killer bee barely misses you.
The killer bee closely misses you.
You miss the killer bee.
* * * LOW HITPOINT WARNING * * *
You feel sick. The killer bee stings you.
You die...
Xom is highly amused!

####### #.....######
#.....#....#
#.....'....#
#.....#....#
#.....#.####
##########.....#.#
.......).......#.#
###............#@#
#.######.....#y#####
###.########..#.S†...#
................>....#
#..........##........#
'.......... ##.......#
#.......... #.......#
.....###### #.......#
#....# ##......#


You could see a killer bee and a ball python (agile).

Vanquished Creatures
  A ball python (D:1)
  A bat (D:1)
  2 endoplasms (D:1)
  A quokka (D:1)
  A frilled lizard (D:1)
  A kobold (D:1)
7 creatures vanquished.

Notes
Turn   | Place    | Note
-------+----------+-------------------------------------------
     0 | D:1      | cheechan the Naga Chaos Knight began the quest for the Orb.
     0 | D:1      | Reached XP level 1. HP: 21/21 MP: 1/1
   263 | D:1      | Reached XP level 2. HP: 16/28 MP: 2/2
   416 | D:1      | Noticed a killer bee
   416 | D:1      | a bat changed into a killer bee
   420 | D:1      | HP: 1/28 [poisoned by a killer bee]
   420 | D:1      | Slain by a killer bee

Illustrated notes

Levels and vault maps discovered:
D:1:      dpeg_arrival_snail, layout_basic, ebering_ecumenical_altar_webs

Action                   || total
-------------------------++-------
Melee: Hand axe          ||    17
Armor: Leather armour    ||     9
Dodge: Dodged            ||    18

Table legend: (Time is in decaauts)
 A = Elapsed time spent in this place.
 B = Non-inter-level travel time spent in this place.
 C = Inter-level travel time spent in this place.
 D = Time resting spent in this place.
 E = Time spent auto-exploring this place.
 F = Levels seen in this place.
 G = Mean time per level.
                   A        B        C        D        E       F      G
               +--------+--------+--------+--------+--------+-----+--------+
         Total |    499 |    499 |      0 |    200 |      0 |   1 |  499.0 |
       Dungeon |    499 |    499 |      0 |    200 |      0 |   1 |  499.0 |
               +--------+--------+--------+--------+--------+-----+--------+

Top non-repeatable levels by time:
     D:1: 499 daAuts
